 Dungeon Crawl Stone Soup version 0.25-a0-972-g74ed164fb1 (webtiles) character file.

Game seed: 2091878415560611370, levelgen mode: deterministic

170 Clehvi the Changer (level 5, -5/33 HPs)
             Began as an Octopode Transmuter on May 9, 2020.
             Killed by divine providence
             ... invoked by an orc priest
              (14 damage)
             ... on level 4 of the Dungeon.
             The game lasted 00:20:01 (4824 turns).

Clehvi the Changer (Octopode Transmuter)            Turns: 4824, Time: 00:20:01

Health: -5/33      AC:  1    Str:  9    XL:     5   Next: 51%
Magic:  5/9        EV: 13    Int: 15    God:
Gold:   244        SH:  0    Dex: 14    Spells: 4/9 levels left

rFire    + . .     SeeInvis .   a - +0 dagger
rCold    . . .     Gourm    .   (no shield)
rNeg     . . .     Faith    .   (helmet restricted)
rPois    .         Spirit   .   (no amulet)
rElec    .         Reflect  .   i - ring of protection from fire
rCorr    .         Harm     .   (no ring)
MR       .....                  (no ring)
Stlth    +++.......             (no ring)
HPRegen  0.11/turn              (no ring)
MPRegen  0.11/turn              (no ring)
                                (no ring)
                                (no ring)

@: no status effects
A: almost no armour, stealthy swim, amphibious, 8 rings, constrict 8, camouflage
1, gelatinous body 1
a: no special abilities


You were on level 4 of the Dungeon.
You were not hungry.

You visited 1 branch of the dungeon, and saw 4 of its levels.

You collected 244 gold pieces.

Inventory:

Hand Weapons
 a - a +0 dagger (weapon)
   (You took it off a goblin on level 2 of the Dungeon)
 j - a +0 spear
   (You found it on level 4 of the Dungeon)
Missiles
 c - 153 stones
 l - 45 arrows
 n - 4 boomerangs (quivered)
 o - 92 sling bullets
 v - 13 poisoned darts
Jewellery
 i - a ring of protection from fire (left tentacle)
   (You found it on level 3 of the Dungeon)
Wands
 d - a wand of iceblast (7)
   (You found it on level 3 of the Dungeon)
Scrolls
 b - a scroll of identify {@r1}
 p - 2 scrolls of teleportation {@r4}
 u - a scroll of fear
Potions
 f - a potion of might {unknown}
 g - 2 potions of haste {@q3}
 m - 2 potions of flight
 r - a potion of curing {@q1}
 s - a potion of resistance {unknown}
Comestibles
 e - 6 rations {!d}
 h - 2 chunks of flesh


   Skills:
 - Level 1.0 Fighting
 - Level 2.0 Dodging
 + Level 3.1 Stealth
 - Level 3.0 Unarmed Combat
 + Level 2.9 Spellcasting
 * Level 3.8 Transmutations
 * Level 2.1 Poison Magic


You had 4 spell levels left.
You knew the following spells:

 Your Spells              Type           Power        Failure   Level  Hunger
s - Sticks to Snakes      Tmut           ##......     6%          2    ##.....
x - Spider Form           Tmut/Pois      ##........   19%         3    ###....

Your spell library contained the following spells:

 Spells                   Type           Power        Failure   Level  Hunger
 Beastly Appendage        Tmut           ##....       4%          1    #......
 Ice Form                 Ice/Tmut       #.......     67%         4    #####..
 Blade Hands              Tmut           ##........   75%         5    ######.


Dungeon Overview and Level Annotations

Branches:
Dungeon (4/15)
 Temple: D:4-7

Altars:
The Shining One

Annotations:
D:2 exclusion: downstairs


Innate Abilities, Weirdness & Mutations

You cannot wear most types of armour.
You are very stealthy in the water. (Stealth+)
You are amphibious.
You can wear up to eight rings at the same time.
You can use your tentacles to constrict eight enemies at once.
Your skin changes colour to match your surroundings (Stealth+).
Your rubbery body absorbs attacks. (AC +1, EV +1)


Message History

The orc wizard hits you with a +0 dagger.
The orc wizard barely misses you.
The orc wizard gestures at you while chanting.
You resist with some effort.
The orc wizard casts a spell.
The orc wizard blinks!
The orc wizard points at you and mumbles some strange words.
The magic dart hits you.
* * * LOW HITPOINT WARNING * * *
There is an escape hatch in the ceiling here.
Really go through this one-way escape hatch?
A mysterious force pulls you upwards. The hatch slams shut behind you.
Eat one of 4 chunks of flesh? (ye/n/q)
You eat one of the 4 chunks of flesh.
You aren't quite hungry enough to eat that!
There is a stone staircase leading down here.
You start resting.
Eating one of 3 chunks of flesh.
You eat one of the 3 chunks of flesh.
You climb downwards.
There is a stone staircase leading up here.
Found 18 sling bullets.
o - 92 sling bullets (gained 18)
Casting: Sticks to Snakes (safe; 6% risk of failure)
You create a snake!
You now have 46 arrows.
The orc priest mumbles some strange prayers to Beogh against you.
Beogh smites you!
Casting: Sticks to Snakes (safe; 6% risk of failure)
You create a snake!
You now have 45 arrows.
What are your orders? t - Shout!
Orders for allies: a - Attack new target. r - Retreat! s - Stop attacking. g - Guard the area. f - Follow me.
Anything else - Cancel.
Gang up on whom?
Aim: an orc priest, wielding a +0 flail Attack!
Your adder closely misses the orc priest.
Your adder closely misses the orc priest.
The orc priest hits your ball python with a +0 flail!
Your ball python dies!
Your adder barely misses the orc priest.
The orc priest invokes the aid of Beogh against you.
Beogh smites you!
* * * LOW HITPOINT WARNING * * *
Your adder completely misses the orc priest.
Your adder bites the orc priest but does no damage.
The orc priest calls down the wrath of Beogh upon you.
Beogh smites you!
You die...

##.# #.......##
#..#####....##..###
#....##.....####..##
###<........# ##..##
##........## ##..## ###.......#
##..## #....#...# #...#
##..####..#####..## #..#
#@.###...## ##..# ##..##....#
#...# #...#....## ###...#
#.........## #####.....#
#..........### ..........##
###.S...........
.#######...####...o............#
##........#...#####.....#
#..########..# ##.....#


You could see an orc priest and a friendly adder.

Vanquished Creatures
  An orc priest (D:3)
  An orc wizard (D:3)
  An adder (D:3)
  An ooze (D:3)
  A worm (D:3)
  2 dart slugs
  4 leopard geckos
  8 orcs
  2 bats (D:3)
  2 giant cockroaches
  7 goblins
  5 hobgoblins
  2 jackals (D:1)
  A quokka (D:3)
  5 frilled lizards
  6 kobolds
  A quokka skeleton (D:4)
  7 rats
  A plant (D:1)
58 creatures vanquished.

Vanquished Creatures (collateral kills)
  5 adders
  6 orcs (D:3)
  A hobgoblin (D:1)
  4 jackals (D:1)
  A rat (D:3)
17 creatures vanquished.

Grand Total: 75 creatures vanquished

Notes
Turn   | Place    | Note
-------+----------+-------------------------------------------
     0 | D:1      | Clehvi the Octopode Transmuter began the quest for the Orb.
     0 | D:1      | Reached XP level 1. HP: 13/13 MP: 3/3
   334 | D:1      | Reached skill level 1 in Stealth
   608 | D:1      | Reached XP level 2. HP: 18/18 MP: 5/5
   635 | D:1      | Learned a level 2 spell: Sticks to Snakes
  1467 | D:2      | Reached XP level 3. HP: 16/23 MP: 2/6
  1563 | D:2      | Learned a level 3 spell: Spider Form
  1580 | D:2      | Found a glowing golden altar of the Shining One.
  2579 | D:3      | Reached skill level 1 in Poison Magic
  2579 | D:3      | Reached XP level 4. HP: 9/28 MP: 2/7
  2985 | D:3      | Reached XP level 5. HP: 24/33 MP: 3/9
  4824 | D:4      | Killed from afar by an orc priest

Illustrated notes

Levels and vault maps discovered:
D:1:      co_arrival_square_in_a_square_in_a_square, layout_basic,
          serial_bayou_lake_a
D:2:      layout_basic, overflow_temple_1_default
D:3:      layout_loops_ring
D:4:      layout_layer_cave, first_ration, patterned_corridor

Skill      XL: |  1  2  3  4  5 |
---------------+----------------+-----
Stealth        | 1 2 3 |  3.1
Transmutations | 3 |  3.8
Poison Magic   | 1 2 |  2.1
Fighting       | |  1.0
Dodging        | |  2.0
Unarmed Combat | |  3.0
Spellcasting   | |  2.9

Action                   |  1- 3 |  4- 6 || total
-------------------------+-------+-------++-------
Melee: Unarmed           |    45 |       ||    45
       Constrict         |    17 |    18 ||    35
       Tentacles         |    17 |    13 ||    30
       Kick              |     6 |     4 ||    10
       Dagger            |    21 |    61 ||    82
       Punch             |     1 |     1 ||     2
Throw: Stone             |     2 |       ||     2
       Boomerang         |    32 |    44 ||    76
 Cast: Beastly Appendage |     8 |     4 ||    12
       Sticks to Snakes  |    11 |    15 ||    26
  Use: Scroll            |       |     8 ||     8
 Stab: Sleeping          |     3 |     2 ||     5
       Distracted        |       |     1 ||     1
  Eat: Chunk             |     6 |     8 ||    14
Armor: Skin              |     3 |     4 ||     7
Dodge: Dodged            |    28 |    34 ||    62

Table legend:
 A = Non-vault XP
 B = Vault XP
 C = Vault XP percentage of total XP
 D = Non-vault monster count
 E = Vault monster count
 F = Vault count percentage of total count
                 A         B        C        D         E       F
            +---------+---------+-------+---------+---------+-------
      Total |     244 |       0 |   0.0 |      74 |       0 |   0.0
            +---------+---------+-------+---------+---------+-------
        D:1 |      28 |       0 |   0.0 |      18 |       0 |   0.0
        D:2 |      34 |       0 |   0.0 |      13 |       0 |   0.0
        D:3 |     165 |       0 |   0.0 |      38 |       0 |   0.0
        D:4 |      17 |       0 |   0.0 |       5 |       0 |   0.0
            +---------+---------+-------+---------+---------+-------
